 Dungeon Crawl Stone Soup version 0.31-a0-117-g42d8f58691 (webtiles) character file.

Game seed: 12300690143854434646

71 lunkers the Slasher (level 3, 0/30 HPs)
             Began as a Demigod Fighter on May 30, 2023.
             Slain by Blork the orc
             ... wielding a +0 short sword
              (4 damage)
             ... on level 4 of the Dungeon.
             The game lasted 00:03:16 (1280 turns).

lunkers the Slasher (Demigod Fighter)               Turns: 1280, Time: 00:03:17

Health: 0/30       AC:  6    Str: 17    XL:     3   Next: 79%
Magic:  5/5        EV:  9    Int: 10    God:
Gold:   211        SH:  5    Dex: 17    Spells: 2/2 levels left

rFire   . . .        a - +0 long sword
rCold   . . .        c - +0 buckler
rNeg    . . .        b - +0 scale mail
rPois   .            (no helmet)
rElec   .            (no cloak)
rCorr   .            (no gloves)
SInv    .            (no boots)
Will    .....        (no amulet) Stlth
                     (no ring)
HPRegen 0.25/turn    (no ring)
MPRegen 0.09/turn

%: no passive effects
@: mighty
A: high MP 1, forlorn, divine attributes
a: no special abilities


You were on level 4 of the Dungeon.
You visited 1 branch of the dungeon, and saw 4 of its levels.

You collected 211 gold pieces.

Inventory:

Hand Weapons
 a - a +0 long sword (weapon)
Armour
 b - a +0 scale mail (worn)
 c - a +0 buckler (worn)
Scrolls
 e - 4 scrolls of identify {unknown}
 f - 2 scrolls of noise {unknown}
 g - 3 scrolls of teleportation {unknown}
 h - a scroll of magic mapping {unknown}
 j - a scroll of torment {unknown}
 k - a scroll of fear {unknown}
 l - a scroll of blinking {unknown}
 n - a scroll of poison {unknown}
 o - 3 scrolls of amnesia {unknown}
Potions
 i - a potion of curing {unknown}
 m - a potion of heal wounds {unknown}


   Skills:
 - Level 2.6 Fighting
 + Level 4.0 Long Blades
 - Level 2.6 Armour
 - Level 2.6 Shields


You had 2 spell levels left.
You didn't know any spells.
Your spell library contained the following spells:

 Spells                   Type           Power      Damage    Failure   Level
 Ensorcelled Hibernation  Hex/Ice        0%         N/A       94%         2
 Spider Form              Tmut/Pois      0%         N/A       99%         3
 Anguish                  Hex/Necr       0%         N/A       100%        4


Dungeon Overview and Level Annotations

Branches:
Dungeon (4/15)
 Temple: D:4-7

Annotations:
D:4 Blork the orc


Innate Abilities, Weirdness & Mutations

You have an increased reservoir of magic. (+10% MP)
You shall have no god before yourself.
Your divine heritage dramatically boosts your attributes as you level up.


Message History

You kill the hobgoblin!
No target in view!
No target in view!
(D) Dungeon
Where to? (Enter - D:3, ? - help)
What level of the Dungeon? (default 1, ? - help)
You open the door.
There is an open door here.
There is a stone staircase leading down here.
You climb downwards.
There is a stone staircase leading up here.
Blork the orc comes into view.
He is wielding a +0 short sword.
Blork the orc shouts!
You feel very mighty all of a sudden. Blork the orc casts a spell at you.
The magic dart hits you!
Blork the orc hits you with a +0 short sword.
* * * LOW HITPOINT WARNING * * *
You slash Blork the orc!
Blork the orc is heavily wounded.
Blork the orc hits you with a +0 short sword.
* * * LOW HITPOINT WARNING * * *
You barely miss Blork the orc.
Blork the orc is heavily wounded.
Blork the orc gestures at you while chanting.
The puff of frost hits you but does no damage.
You barely miss Blork the orc.
Blork the orc is heavily wounded.
Blork the orc hits you with a +0 short sword.
* * * LOW HITPOINT WARNING * * *
You barely miss Blork the orc.
Blork the orc is heavily wounded.
Blork the orc hits you with a +0 short sword.
* * * LOW HITPOINT WARNING * * *
Blork the orc closely misses you.
You slash Blork the orc!
Blork the orc is severely wounded.
Blork the orc screams, "I'll crush all your ribs!
One by one!"
Blork the orc hits you with a +0 short sword.
You die...

#
####.#...
#.o....#
####@#
#...#.#
#..<##..
#...# ###
####. .#
.# .# ..


You could see Blork the orc.

Vanquished Creatures
  2 adders (D:2)
  A worm (D:2)
  2 dart slugs
  2 orcs (D:3)
  5 bats
  3 endoplasms
  2 giant cockroaches
  5 hobgoblins
  2 quokkas
  4 ball pythons
  6 frilled lizards
  3 goblins
  3 kobolds
  4 rats
44 creatures vanquished.

Notes
Turn   | Place    | Note
-------+----------+-------------------------------------------
     0 | D:1      | lunkers the Demigod Fighter began the quest for the Orb.
     0 | D:1      | Reached XP level 1. HP: 18/18 MP: 3/3
    71 | D:1      | Reached skill level 2 in Long Blades
   290 | D:1      | Reached XP level 2. HP: 21/25 MP: 4/4
   475 | D:2      | Reached skill level 3 in Long Blades
   573 | D:2      | Reached XP level 3. HP: 27/30 MP: 5/5
  1147 | D:3      | Reached skill level 4 in Long Blades
  1273 | D:4      | Noticed Blork the orc
  1280 | D:4      | Slain by Blork the orc

Illustrated notes

Levels and vault maps discovered:
D:1:      dpeg_arrival_solitude, layout_basic,
          shapermc_ecumenical_altar_mp_vishouse
D:2:      layout_loops_ring, minmay_pentomino_pile
D:3:      layout_basic, mainiacjoe_overflow_cross_hatched,
          amcnicky_altar_gilded, serial_shops, shop, dreamdust_princess_bridge,
          nicolae_titane
D:4:      layout_loops_ring, minitemple, temple_green, uniq_blork_the_orc,
          uniq_edmund

Skill      XL: |  1  2  3 |
---------------+----------+-----
Long Blades    | 2 3 4 |  4.0
Fighting       | |  2.6
Armour         | |  2.6
Shields        | |  2.6

Action                     || total
---------------------------++-------
  Melee: Long sword        ||   135
    Use: Potion            ||     1
 Armour: Scale mail        ||    64
  Dodge: Dodged            ||    72
  Block: Buckler           ||    32

Table legend: (Time is in decaauts)
 A = Elapsed time spent in this place.
 B = Non-inter-level travel time spent in this place.
 C = Inter-level travel time spent in this place.
 D = Time resting spent in this place.
 E = Time spent auto-exploring this place.
 F = Levels seen in this place.
 G = Mean time per level.
                   A        B        C        D        E       F      G
               +--------+--------+--------+--------+--------+-----+--------+
         Total |   1316 |   1242 |     74 |      0 |    887 |   4 |  329.0 |
       Dungeon |   1316 |   1242 |     74 |      0 |    887 |   4 |  329.0 |
               +--------+--------+--------+--------+--------+-----+--------+

Top non-repeatable levels by time:
     D:1: 458 daAuts
     D:3: 431 daAuts
     D:2: 418 daAuts
     D:4: 8 daAuts
